[Event "International chess holiday M11"]
[Site "Praha"]
[Date "2014.07.21"]
[Round "3"]
[White "Herejk, Petr"]
[Black "Heissenberger, Andreas"]
[Result "1-0"]
[ECO "B98"]
[WhiteElo "2208"]
[BlackElo "2029"]
[Annotator "Koller,Martin"]
[PlyCount "74"]
[TimeControl "240+2"]

1. e4 c5 2. Nf3 d6 3. d4 cxd4 4. Nxd4 Nf6 5. Nc3 a6 6. Bg5 e6 7. f4 Be7
8. Qf3 h6 9. Bxf6 Bxf6 10. O-O-O Qc7 11. f5 Nc6 12. Nxc6 bxc6 13. Bc4 O-O 14.
fxe6 fxe6 15. Qd3 Be5 16. Rhf1 Rxf1 17. Rxf1 Rb8 18. Bb3 a5 19. a4 Qe7 20. Rf2
Qg5+ 21. Kb1 Qe7 22. Ne2 c5 23. Nf4 Kh7 24. Ka2 Qa7 25. c4 Bd4 26. e5+ Kg8 27.
Rf1 d5 28. Qg6 Rxb3 29. Qe8+ Kh7 30. Qg6+ Kg8 31. Qe8+ Kh7 32. Kxb3 Ba6 33.
Qg6+ Kg8 34. Qxe6+ Kh7 35. Qg6+ Kg8 36. Nxd5 Qb7+ 37. Qb6 Qxb6+ 1-0

[Event "International chess holiday M11"]
[Site "Praha"]
[Date "2014.07.21"]
[Round "3"]
[White "Hirn, Oskar"]
[Black "Hentzgen, Thomas"]
[Result "0-1"]
[ECO "A83"]
[WhiteElo "2219"]
[BlackElo "2050"]
[Annotator "Koller,Martin"]
[PlyCount "96"]
[TimeControl "240+2"]

1. d4 f5 2. e4 fxe4 3. Nc3 Nf6 4. Bg5 Nc6 5. d5 Ne5 6. Qd4 Nf7 7. Bxf6
exf6 8. Nxe4 f5 9. Nc3 g6 10. f4 Bh6 11. d6 O-O 12. Bc4 Bg7 13. Qd3 c6 14. Nf3
b5 15. Bb3 Kh8 16. O-O-O a5 17. h4 b4 18. Na4 Ba6 19. Bc4 Bxc4 20. Qxc4 Qf6 21.
Qc5 Rab8 22. h5 Rb5 23. Qe3 gxh5 24. Qe7 Qe6 25. Qxe6 dxe6 26. Rhe1 Bh6 27. Kb1
Bxf4 28. Nd4 Re5 29. Nxe6 Re8 30. Rxe5 Bxe5 31. d7 Rxe6 32. d8=Q+ Nxd8 33.
Rxd8+ Kg7 34. Nc5 Rd6 35. Rxd6 Bxd6 36. Nb3 h4 37. Nd4 Kf6 38. Kc1 Kg5 39. Kd1
Kg4 40. Ke2 Be5 41. Nxc6 Bxb2 42. Nxa5 f4 43. Nc4 Bc3 44. Kf2 h5 45. Nd6 Bd4+
46. Kf1 h3 47. gxh3+ Kxh3 48. Nf5 Bb6 0-1

[Event "International chess holiday M11"]
[Site "Praha"]
[Date "2014.07.21"]
[Round "3"]
[White "Knoflicek, Ctibor"]
[Black "Kasparov, Sergey"]
[Result "0-1"]
[ECO "B01"]
[WhiteElo "2183"]
[BlackElo "2460"]
[Annotator "Koller,Martin"]
[PlyCount "134"]
[TimeControl "240+2"]

1. e4 d5 2. exd5 Qxd5 3. Nc3 Qd6 4. d4 Nf6 5. Nf3 c6 6. Ne5 Nbd7 7. Nc4
Qc7 8. Qf3 Nb6 9. Ne5 Be6 10. Bf4 Qc8 11. O-O-O g6 12. h4 Bg7 13. Be2 h5 14.
Rhe1 O-O 15. Bd3 Bf5 16. Bxf5 Qxf5 17. Bg5 Qxf3 18. Nxf3 e6 19. Ne5 Rfe8 20.
Kb1 Nfd5 21. Nxd5 exd5 22. Bf4 Re6 23. c3 Rae8 24. Nd3 Nd7 25. Rxe6 Rxe6 26.
Re1 Rxe1+ 27. Nxe1 Bf6 28. Nf3 Be7 29. g3 f6 30. Kc2 Kf7 31. Kd3 Ke6 32. Nh2
Kf5 33. f3 g5 34. Bc7 Kg6 35. Nf1 Nf8 36. Bb8 a6 37. Ne3 Ne6 38. Ng2 f5 39. f4
gxh4 40. Nxh4+ Bxh4 41. gxh4 Kf7 42. Ke3 Ke7 43. Be5 Nf8 44. Bg7 Ne6 45. Bh8
Kf7 46. Be5 Nf8 47. Bc7 Ke7 48. Kf3 Ng6 49. Kg3 Kd7 50. Be5 b6 51. b4 a5 52. a3
a4 53. Bf6 Kc7 54. Kf3 Kb7 55. Ke3 Ka6 56. Kd3 Nxf4+ 57. Ke3 Ne6 58. Be5 Kb5
59. Kd3 Nf8 60. Bf4 Ng6 61. Bg3 f4 62. Bf2 Ne7 63. Be1 Ng6 64. Bf2 f3 65. Bg3
Ne7 66. Bf2 Nf5 67. Be1 Nd6 0-1

[Event "International chess holiday M11"]
[Site "Praha"]
[Date "2014.07.21"]
[Round "3"]
[White "Krivanek, Vladimir"]
[Black "Malinarski, Malinarski"]
[Result "0-1"]
[ECO "B07"]
[WhiteElo "2183"]
[BlackElo "2067"]
[Annotator "Koller,Martin"]
[PlyCount "54"]
[TimeControl "240+2"]

1. d4 Nf6 2. Nc3 g6 3. e4 d6 4. f3 Bg7 5. Bg5 h6 6. Be3 c6 7. a4 Qa5 8.
Nge2 Na6 9. Nc1 Nb4 10. Nb3 Qc7 11. a5 O-O 12. Ra4 Na6 13. Bxa6 bxa6 14. O-O
Be6 15. d5 cxd5 16. exd5 Bd7 17. Rb4 Rab8 18. Rxb8 Rxb8 19. Re1 Bb5 20. Qd2 h5
21. Qf2 Rb7 22. Bd4 Bc4 23. Qe3 Bxb3 24. cxb3 Qxa5 25. Bxf6 Bxf6 26. Ne4 Bd4
27. Qxd4 Qxe1# 0-1

[Event "International chess holiday M11"]
[Site "Praha"]
[Date "2014.07.21"]
[Round "3"]
[White "Linder, Oliver"]
[Black "Sisak, Richard"]
[Result "0-1"]
[ECO "A48"]
[WhiteElo "1994"]
[BlackElo "2017"]
[Annotator "Koller,Martin"]
[PlyCount "22"]
[TimeControl "240+2"]

1. d4 Nf6 2. Nf3 g6 3. Bf4 Bg7 4. e3 d6 5. c4 c6 6. Nc3 Qa5 7. Qd2 Bg4
8. Be2 Bh5 9. Bg5 Bxf3 10. Bxf3 Qxg5 11. Ne4 Qf5 0-1

[Event "International chess holiday K11"]
[Site "Praha"]
[Date "2014.07.21"]
[Round "3"]
[White "Korth, Manfred"]
[Black "Fiala, Jan"]
[Result "0-1"]
[ECO "A80"]
[WhiteElo "1908"]
[BlackElo "1952"]
[Annotator "Koller,Martin"]
[PlyCount "116"]
[TimeControl "240+2"]

1. Nf3 f5 2. d4 Nf6 3. Bf4 g6 4. h3 Bg7 5. e3 O-O 6. Be2 d6 7. c4 Nbd7
8. Nc3 c6 9. O-O Qe8 10. Rc1 e5 11. dxe5 dxe5 12. Bh2 Qe7 13. Qa4 h6 14. b4 Qe6
15. Nd2 Kh8 16. c5 g5 17. Nc4 g4 18. hxg4 Nxg4 19. Bxg4 fxg4 20. Nd6 h5 21.
Nce4 h4 22. Qc2 Qh6 23. Rcd1 Qg6 24. Qd3 h3 25. Ng3 Qxd3 26. Rxd3 Nf6 27. Nxc8
Raxc8 28. Nf5 e4 29. Rd6 Rcd8 30. Rfd1 Rxd6 31. Rxd6 Nd5 32. Nxg7 Kxg7 33. b5
Rf5 34. bxc6 bxc6 35. Rxc6 Nc3 36. Rc7+ Kg6 37. a3 Ne2+ 38. Kf1 g3 39. Bxg3
Nxg3+ 40. Kg1 Rxf2 41. gxh3 Rc2 42. c6 Nf5 43. Rxa7 Rxc6 44. Ra4 Nd6 45. Rd4
Kf5 46. Kf2 Ke5 47. Rd2 Rc3 48. Ra2 Rc5 49. a4 Ra5 50. h4 Kf5 51. h5 Kg5 52.
Rd2 Nf5 53. Rb2 Rxa4 54. Rb5 Ra2+ 55. Kg1 Kg4 56. Re5 Ng3 57. Re8 Kh3 58. Rf8
Rg2# 0-1

[Event "International chess holiday K11"]
[Site "Praha"]
[Date "2014.07.21"]
[Round "3"]
[White "Pokorny, Jan"]
[Black "Kasparova, Tatiana"]
[Result "0-1"]
[ECO "B13"]
[WhiteElo "1882"]
[BlackElo "2132"]
[Annotator "Koller,Martin"]
[PlyCount "58"]
[TimeControl "240+2"]

1. Nf3 Nf6 2. d4 c5 3. e3 cxd4 4. exd4 d5 5. Bf4 Bg4 6. h3 Bh5 7. Be2
Nc6 8. c3 e6 9. Ne5 Bxe2 10. Qxe2 a6 11. Nd2 Be7 12. g4 O-O 13. g5 Nd7 14. h4
Ndxe5 15. Bxe5 Nxe5 16. Qxe5 Bd6 17. Qe2 b5 18. O-O-O b4 19. c4 dxc4 20. Nxc4
Bf4+ 21. Kb1 Rc8 22. Ne3 Qa5 23. Ng2 Bd6 24. Qd2 Qf5+ 25. Qd3 Qxf2 26. Ne3 Qf3
27. Qxa6 Qxe3 28. Qxd6 b3 29. a3 Qe4+ 0-1

[Event "International chess holiday K11"]
[Site "Praha"]
[Date "2014.07.21"]
[Round "3"]
[White "Rull, Michael"]
[Black "Schaefer Dr., Martin"]
[Result "0-1"]
[ECO "B22"]
[WhiteElo "1812"]
[BlackElo "1959"]
[Annotator "Koller,Martin"]
[PlyCount "36"]
[TimeControl "240+2"]

1. e4 c5 2. d4 cxd4 3. c3 Nf6 4. e5 Nd5 5. Bc4 Nb6 6. Bb3 d6 7. Nf3 Nc6
8. e6 Bxe6 9. Bxe6 fxe6 10. Ng5 Qd7 11. cxd4 g6 12. Qf3 Nd8 13. O-O Bg7 14. Qd3
O-O 15. h4 e5 16. d5 Qg4 17. Nd2 Qxh4 18. Ndf3 Qc4 0-1

[Event "International chess holiday K11"]
[Site "Praha"]
[Date "2014.07.21"]
[Round "3"]
[White "Vystrcil, Martin"]
[Black "Novak, Jindrich"]
[Result "0-1"]
[ECO "B07"]
[WhiteElo "1788"]
[BlackElo "2077"]
[Annotator "Koller,Martin"]
[PlyCount "142"]
[TimeControl "240+2"]

1. e4 d6 2. d4 e5 3. dxe5 dxe5 4. Qxd8+ Kxd8 5. Nf3 f6 6. Be3 Be6 7.
Nbd2 Nd7 8. O-O-O Bxa2 9. c4 a5 10. Kc2 a4 11. Ra1 Bb3+ 12. Kc3 Rc8 13. Nxb3
axb3 14. Nd2 Bc5 15. Bxc5 Nxc5 16. f3 Ne7 17. Nxb3 Nxb3 18. Kxb3 Nc6 19. Kc3
Ke7 20. Bd3 Rhd8 21. Rhd1 Rd4 22. Bc2 Rcd8 23. Rxd4 Nxd4 24. Bd1 Ne6 25. Be2 g5
26. b4 Nf4 27. Bf1 h5 28. g3 Ne6 29. Be2 Nd4 30. Bd1 Rh8 31. h3 h4 32. g4 Rd8
33. Ra7 Ne6 34. Bc2 b6 35. b5 Rd4 36. c5 Nxc5 37. Rxc7+ Rd7 38. Rc6 Rd6 39.
Rc7+ Kd8 40. Rh7 Ne6 41. Rh8+ Ke7 42. Rh7+ Kf8 43. Bb3 Nd4 44. Bc4 Nxf3 45.
Rh8+ Ke7 46. Rh7+ Kd8 47. Bd5 Ng1 48. Rh8+ Kc7 49. Bc6 Nxh3 50. Re8 Nf2 51.
Re7+ Kc8 52. Re8+ Rd8 53. Re7 h3 54. Rh7 Rd1 55. Kc2 Rg1 56. Kd2 Rg3 57. Ke2
Nd3 58. Kf1 Nf4 59. Bd7+ Kc7 60. Bc6+ Kd6 61. Rh6 Kc5 62. Rh7 Rb3 63. Rh6 Rb2
64. Kg1 Rg2+ 65. Kh1 Rxg4 66. Bd7 Rh4 67. Rxf6 g4 68. Rc6+ Kb4 69. Rxb6 g3 70.
Bxh3 Rxh3+ 71. Kg1 g2 0-1

[Event "International chess holiday K11"]
[Site "Praha"]
[Date "2014.07.21"]
[Round "3"]
[White "Hanl, Frantisek"]
[Black "Pommrich, Rainer"]
[Result "1-0"]
[ECO "B33"]
[WhiteElo "1958"]
[BlackElo "2003"]
[Annotator "Koller,Martin"]
[PlyCount "57"]
[TimeControl "240+2"]

1. e4 c5 2. Nf3 Nc6 3. d4 cxd4 4. Nxd4 Nf6 5. Nc3 e5 6. Ndb5 d6 7. Bg5
a6 8. Na3 b5 9. Bxf6 gxf6 10. Nd5 f5 11. Bxb5 axb5 12. Nxb5 Ra4 13. b4 Rxb4 14.
Nbc7+ Kd7 15. O-O Rxe4 16. Qh5 Ne7 17. Qxf7 Kc6 18. c4 Rg8 19. Rab1 Rg7 20.
Rb6+ Kc5 21. Rb5+ Kc6 22. Ne6 Bxe6 23. Qxe6 Nxd5 24. Qxd5+ Kd7 25. f3 Rd4 26.
Rb7+ Ke8 27. Qc6+ Rd7 28. Rfb1 Bh6 29. Rxd7 1-0

[Event "International chess holiday K12"]
[Site "Praha"]
[Date "2014.07.21"]
[Round "3"]
[White "Cisarik, Pavol"]
[Black "Plesnivy, Martin"]
[Result "0-1"]
[ECO "C13"]
[WhiteElo "1792"]
[BlackElo "1799"]
[Annotator "Koller,Martin"]
[PlyCount "100"]
[TimeControl "240+2"]

1. e4 e6 2. d4 d5 3. Nd2 dxe4 4. Nxe4 Nf6 5. Bg5 Be7 6. Bxf6 Bxf6 7.
Nf3 Nd7 8. c3 Be7 9. Bd3 f5 10. Ned2 c5 11. O-O O-O 12. Re1 Nb6 13. Nc4 Nd5 14.
Nce5 g5 15. Bc4 g4 16. Nd2 cxd4 17. cxd4 Nf4 18. Nb3 b5 19. Bxb5 Kh8 20. Rc1
Bb7 21. Bc6 Bxc6 22. Rxc6 Qd5 23. f3 Bd6 24. Qc2 Nxg2 25. Kxg2 Bxe5 26. dxe5
Qxf3+ 27. Kg1 g3 28. Rc3 gxh2+ 29. Kxh2 Qf4+ 30. Rg3 Rg8 31. Ree3 Rxg3 32. Rxg3
Rg8 33. Qg2 Qxe5 34. Kh3 Rd8 35. Qc6 Qf6 36. Qc3 e5 37. Qc7 f4 38. Rf3 Qf5+ 39.
Kg2 Rg8+ 40. Kf2 Qg5 41. Ke2 h5 42. Nc5 Qg2+ 43. Rf2 Qd5 44. Nd3 f3+ 45. Kd2
Rg2 46. Qc8+ Kg7 47. Qc7+ Kf6 48. Qxa7 e4 49. Qa6+ Kg5 50. Rxg2+ fxg2 0-1

[Event "International chess holiday K12"]
[Site "Praha"]
[Date "2014.07.21"]
[Round "3"]
[White "Franek, Jan"]
[Black "Spindler, Markus"]
[Result "0-1"]
[ECO "C77"]
[WhiteElo "1999"]
[BlackElo "2049"]
[Annotator "Koller,Martin"]
[PlyCount "62"]
[TimeControl "240+2"]

1. e4 e5 2. Nf3 Nc6 3. Bb5 a6 4. Ba4 Nf6 5. d4 b5 6. Bb3 Bd6 7. dxe5
Bxe5 8. Nxe5 Nxe5 9. O-O O-O 10. Bg5 h6 11. Bh4 Ng6 12. Bg3 Nxe4 13. Qd3 Bb7
14. Nc3 Nxg3 15. Qxg3 Kh7 16. f4 Qh4 17. Qxh4 Nxh4 18. Bd5 c6 19. Be4+ f5 20.
Bd3 c5 21. Rf2 Rae8 22. Rd1 Re7 23. Bf1 Rfe8 24. h3 Bc6 25. Kh2 Re1 26. Rd6
R8e6 27. Rxe6 Rxe6 28. b3 Re3 29. Nd1 Re1 30. Nb2 Ra1 31. Nd3 d6 0-1

[Event "International chess holiday K12"]
[Site "Praha"]
[Date "2014.07.21"]
[Round "3"]
[White "Trebbin , Wolfhard"]
[Black "Vavrinec, Tomas"]
[Result "0-1"]
[ECO "A49"]
[WhiteElo "1961"]
[BlackElo "2011"]
[Annotator "Koller,Martin"]
[PlyCount "62"]
[TimeControl "240+2"]

1. d4 Nf6 2. Nf3 g6 3. g3 Bg7 4. Bg2 O-O 5. O-O c5 6. c3 Na6 7. b3 d5
8. Bb2 Bf5 9. Nbd2 Rc8 10. Rc1 cxd4 11. Nxd4 Bd7 12. e4 e5 13. Ne2 Nc5 14. Ba3
Bg4 15. h3 Be6 16. exd5 Bxd5 17. c4 Bxg2 18. Kxg2 Bh6 19. Rc2 Qa5 20. Nb1 Rfd8
21. Qe1 Qb6 22. Nc1 Qc6+ 23. Kg1 Nce4 24. h4 Rd7 25. f3 Nc5 26. b4 Nd3 27. Nxd3
Rxd3 28. b5 Qe6 29. Bc1 Bxc1 30. Qxc1 Qh3 31. Qe1 Ng4 0-1

[Event "International chess holiday K12"]
[Site "Praha"]
[Date "2014.07.21"]
[Round "3"]
[White "Plesnik, Miroslav"]
[Black "Hadzala, Daniel"]
[Result "1/2-1/2"]
[ECO "A56"]
[WhiteElo "1863"]
[BlackElo "2070"]
[Annotator "Koller,Martin"]
[PlyCount "23"]
[TimeControl "240+2"]

1. d4 Nf6 2. c4 d6 3. Nc3 Nbd7 4. e4 e5 5. d5 c5 6. Bd3 Be7 7. Nge2 Nf8
8. O-O Ng6 9. f4 exf4 10. Bxf4 Nxf4 11. Nxf4 Ng4 12. Ne6 1/2-1/2

[Event "International chess holiday K12"]
[Site "Praha"]
[Date "2014.07.21"]
[Round "3"]
[White "Muller, Jorg"]
[Black "Taylor, Robert"]
[Result "0-1"]
[ECO "B30"]
[WhiteElo "1900"]
[BlackElo "1914"]
[Annotator "Koller,Martin"]
[PlyCount "55"]
[TimeControl "240+2"]

1. e4 c5 2. Bc4 e6 3. Nf3 Nc6 4. O-O Qc7 5. Re1 d6 6. c3 Nf6 7. d4 Be7
8. d5 Nd8 9. Na3 e5 10. h3 a6 11. Nh2 O-O 12. Qf3 Ne8 13. Qg3 f5 14. f4 Bf6 15.
fxe5 Bxe5 16. Bf4 Bxf4 17. Qxf4 fxe4 18. Qxe4 Nf6 19. Qe7 Qxe7 20. Rxe7 b5 21.
Bd3 Nxd5 22. Be4 Nxe7 23. Bxa8 Bb7 24. Bxb7 Nxb7 25. Re1 Nc6 26. Nc2 Ne5 27.
Nf3 Nxf3+ 28. gxf3 necitelne 0-1

[Event "International chess holiday M11"]
[Site "Praha"]
[Date "2014.07.22"]
[Round "4"]
[White "Heissenberger, Andreas"]
[Black "Knoflicek, Ctibor"]
[Result "1/2-1/2"]
[ECO "C56"]
[WhiteElo "2028"]
[BlackElo "2183"]
[Annotator "Koller,Martin"]
[PlyCount "39"]
[TimeControl "240+2"]

1. e4 e5 2. Nf3 Nc6 3. d4 exd4 4. Bc4 Nf6 5. O-O Nxe4 6. Re1 d5 7. Bxd5
Qxd5 8. Nc3 Qh5 9. Nxe4 Be6 10. Bg5 Bd6 11. Nxd6+ cxd6 12. Bf4 Qd5 13. c3 O-O
14. Nxd4 Nxd4 15. Qxd4 Qxd4 16. cxd4 d5 17. Rac1 Rfc8 18. Rxc8+ Rxc8 19. Rc1
Rxc1+ 20. Bxc1 1/2-1/2

[Event "International chess holiday M11"]
[Site "Praha"]
[Date "2014.07.22"]
[Round "4"]
[White "Hentzgen, Thomas"]
[Black "Herejk, Petr"]
[Result "1/2-1/2"]
[ECO "B24"]
[WhiteElo "2050"]
[BlackElo "2208"]
[Annotator "Koller,Martin"]
[PlyCount "58"]
[TimeControl "240+2"]

1. e4 c5 2. Nc3 Nc6 3. g3 g6 4. Bg2 Bg7 5. d3 e6 6. Be3 Nd4 7. Qd2 Ne7
8. Nd1 b6 9. c3 Ndc6 10. Bh6 Bxh6 11. Qxh6 Ba6 12. Qd2 d5 13. exd5 exd5 14. Nf3
O-O 15. O-O d4 16. c4 Qd6 17. a3 Rab8 18. b3 Bc8 19. Rb1 Bd7 20. b4 a5 21. b5
Ne5 22. Nxe5 Qxe5 23. Nb2 Qd6 24. Rbe1 Rbe8 25. Na4 Kg7 26. h3 h5 27. h4 Bf5
28. Re2 Bg4 29. Ree1 Bf5 1/2-1/2

[Event "International chess holiday M11"]
[Site "Praha"]
[Date "2014.07.22"]
[Round "4"]
[White "Linder, Oliver"]
[Black "Krivanek, Vladimir"]
[Result "0-1"]
[ECO "A80"]
[WhiteElo "1994"]
[BlackElo "2183"]
[Annotator "Koller,Martin"]
[PlyCount "68"]
[TimeControl "240+2"]

1. d4 f5 2. Bg5 Nf6 3. Bxf6 exf6 4. e3 d5 5. Nd2 Be6 6. Bd3 g6 7. Ne2
Bd6 8. c4 c6 9. Qb3 Qb6 10. c5 Qxb3 11. axb3 Bc7 12. b4 Nd7 13. b5 Ke7 14. O-O
cxb5 15. Bxb5 a6 16. Bd3 Nb8 17. b4 Nc6 18. Rab1 Rhb8 19. Rb2 Kd7 20. Rfb1 b6
21. g3 bxc5 22. dxc5 Be5 23. Rb3 d4 24. Bc4 dxe3 25. Bxe6+ Kxe6 26. fxe3 Rb5
27. Nc4 Rab8 28. Nb6 Rd8 29. Kf2 g5 30. Ke1 h5 31. Nc1 Nxb4 32. Ke2 Rxc5 33. e4
Rc2+ 34. Ke3 Bd4+ 0-1

[Event "International chess holiday M11"]
[Site "Praha"]
[Date "2014.07.22"]
[Round "4"]
[White "Malinarski, Yehuda"]
[Black "Hirn, Oskar"]
[Result "1-0"]
[ECO "B07"]
[WhiteElo "2067"]
[BlackElo "2219"]
[Annotator "Koller,Martin"]
[PlyCount "75"]
[TimeControl "240+2"]

1. e4 d6 2. d4 Nf6 3. Nc3 c6 4. f3 Nbd7 5. Be3 e5 6. Nge2 Qc7 7. Qd2 b5
8. a3 a6 9. g4 h6 10. b3 Bb7 11. Bg2 O-O-O 12. O-O h5 13. g5 Ng8 14. f4 f6 15.
g6 Ne7 16. f5 d5 17. exd5 Nxd5 18. Nxd5 cxd5 19. a4 b4 20. Rac1 Kb8 21. c4 dxc4
22. Rxc4 Qa5 23. Bxb7 Kxb7 24. Rfc1 Bd6 25. Qc2 Rhe8 26. Ng3 Nb6 27. Rc7+ Bxc7
28. Qxc7+ Ka8 29. Qc6+ Kb8 30. Rc5 Qxc5 31. dxc5 Nd5 32. Bf2 e4 33. Ne2 Ka7 34.
Be1 Re7 35. Nf4 Rc7 36. Qxd5 Rxd5 37. Nxd5 Kb7 38. Nxc7 1-0

[Event "International chess holiday K11"]
[Site "Praha"]
[Date "2014.07.22"]
[Round "4"]
[White "Fiala, Jan"]
[Black "Rull, Michael"]
[Result "1-0"]
[ECO "B23"]
[WhiteElo "1952"]
[BlackElo "1812"]
[Annotator "Koller,Martin"]
[PlyCount "73"]
[TimeControl "240+2"]

1. e4 c5 2. Nc3 Nc6 3. f4 e5 4. Bc4 Nh6 5. Nf3 Nd4 6. Nxe5 d6 7. Nf3
Bg4 8. Be2 Nxe2 9. Qxe2 Be7 10. O-O f5 11. Nd5 O-O 12. d3 Kh8 13. Bd2 Bf6 14.
c3 Qd7 15. Rae1 Rae8 16. Qf2 Ng8 17. h3 fxe4 18. hxg4 exf3 19. Rxe8 Rxe8 20.
Qxf3 Bd8 21. f5 h6 22. g5 hxg5 23. Qh5+ Nh6 24. f6 Kg8 25. Ne7+ Bxe7 26. f7+
Nxf7 27. Qxf7+ Kh8 28. Kf2 Qf5+ 29. Qxf5 Rf8 30. Qxf8+ Bxf8 31. Bxg5 g6 32. Ke3
Kg8 33. Ke4 b5 34. Kd5 a5 35. Bf6 Kf7 36. Be5+ Ke8 37. Bxd6 1-0

[Event "International chess holiday K11"]
[Site "Praha"]
[Date "2014.07.22"]
[Round "4"]
[White "Hanl, Frantisek"]
[Black "Pokorny, Jan"]
[Result "1/2-1/2"]
[ECO "B32"]
[WhiteElo "1958"]
[BlackElo "1882"]
[Annotator "Koller,Martin"]
[PlyCount "36"]
[TimeControl "240+2"]

1. e4 c5 2. Nf3 Nc6 3. d4 cxd4 4. Nxd4 e5 5. Nf5 d5 6. Ng3 Be6 7. Bd3
Nf6 8. O-O Bc5 9. Nc3 a6 10. Bg5 dxe4 11. Ncxe4 Be7 12. Nh5 Nxh5 13. Qxh5 h6
14. Bxe7 Qxe7 15. f4 exf4 16. Rae1 O-O-O 17. Qc5 g5 18. Qc3 Qb4 necitelne 1/2-1/2

[Event "International chess holiday K11"]
[Site "Praha"]
[Date "2014.07.22"]
[Round "4"]
[White "Kasparova, Tatiana"]
[Black "Korth, Manfred"]
[Result "1/2-1/2"]
[ECO "B07"]
[WhiteElo "2132"]
[BlackElo "1906"]
[Annotator "Koller,Martin"]
[PlyCount "70"]
[TimeControl "240+2"]

1. e4 d6 2. d4 Nf6 3. Nc3 c6 4. a4 Qa5 5. Bd3 e5 6. Nge2 Be7 7. O-O O-O
8. h3 Nbd7 9. Re1 Re8 10. Bc4 Nf8 11. Be3 Be6 12. Bd3 Rac8 13. f4 exf4 14. Nxf4
Bd7 15. Qf3 Ng6 16. Nxg6 hxg6 17. Rf1 Be6 18. Rae1 d5 19. e5 Nh7 20. Qg3 Qd8
21. Bf2 c5 22. dxc5 Bxc5 23. Bxc5 Rxc5 24. Nb5 Qb6 25. Qf2 Re7 26. b4 Rc6 27.
Qxb6 axb6 28. Nd4 Rc8 29. Re2 Nf8 30. Ref2 Bd7 31. Bb5 Be8 32. Bd3 Rxe5 33. Nb5
Rc6 34. Nd4 Rc8 35. Nb5 Rc6 1/2-1/2

[Event "International chess holiday K11"]
[Site "Praha"]
[Date "2014.07.22"]
[Round "4"]
[White "Pommrich, Rainer"]
[Black "Novak, Jindrich"]
[Result "0-1"]
[ECO "C20"]
[WhiteElo "2003"]
[BlackElo "2077"]
[Annotator "Koller,Martin"]
[PlyCount "30"]
[TimeControl "240+2"]

1. e4 d6 2. c4 e5 3. Nf3 Nc6 4. d4 Bg4 5. d5 Nd4 6. Qa4+ Bd7 7. Qd1
Nxf3+ 8. Qxf3 Be7 9. Bd3 Bg5 10. Be3 Nh6 11. h3 Bxe3 12. fxe3 Qh4+ 13. g3 Qg5
14. Nc3 O-O 15. O-O-O f5 0-1

[Event "International chess holiday K11"]
[Site "Praha"]
[Date "2014.07.22"]
[Round "4"]
[White "Schaefer, Martin"]
[Black "Vystrcil, Martin"]
[Result "0-1"]
[ECO "E92"]
[WhiteElo "1959"]
[BlackElo "1788"]
[Annotator "Koller,Martin"]
[PlyCount "60"]
[TimeControl "240+2"]

1. d4 Nf6 2. c4 g6 3. Nc3 Bg7 4. e4 d6 5. Be2 O-O 6. Bg5 h6 7. Be3 e5
8. Nf3 Nc6 9. d5 Ne7 10. h3 Nd7 11. g4 f5 12. exf5 gxf5 13. g5 f4 14. gxh6 Bxh6
15. Rg1+ Kh8 16. Qc2 fxe3 17. Rg4 exf2+ 18. Kxf2 Nf6 19. Rg6 Neg8 20. Rag1 Bf5
21. Rxh6+ Nxh6 22. Qd2 Nfg8 23. Ke1 Qe7 24. Qe3 Bh7 25. Ng5 Nf5 26. Qd2 Nf6 27.
Bd3 e4 28. Be2 Rg8 29. Qf4 Raf8 30. h4 Qe5 0-1

[Event "International chess holiday K12"]
[Site "Praha"]
[Date "2014.07.22"]
[Round "4"]
[White "Franek, Jan"]
[Black "Plesnik, Miroslav"]
[Result "1-0"]
[ECO "C00"]
[WhiteElo "1999"]
[BlackElo "1863"]
[Annotator "Koller,Martin"]
[PlyCount "35"]
[TimeControl "240+2"]

1. e4 e6 2. Nf3 d5 3. e5 c5 4. b4 cxb4 5. d4 Ne7 6. a3 Nf5 7. axb4
Bxb4+ 8. c3 Be7 9. Bd3 O-O 10. g4 Nh4 11. Nxh4 Bxh4 12. g5 Bxg5 13. Qh5 h6 14.
f4 Bh4+ 15. Kd1 f5 16. exf6 Qxf6 17. Rg1 Bf2 18. Rg6 1-0

[Event "International chess holiday K12"]
[Site "Praha"]
[Date "2014.07.22"]
[Round "4"]
[White "Hadzala, Daniel"]
[Black "Muller, Jorg"]
[Result "1-0"]
[ECO "A10"]
[WhiteElo "2070"]
[BlackElo "1900"]
[Annotator "Koller,Martin"]
[PlyCount "103"]
[TimeControl "240+2"]

1. Nf3 d6 2. c4 g6 3. Nc3 c6 4. g3 Bg7 5. Bg2 Nf6 6. O-O Nbd7 7. Rb1
Ne5 8. Nxe5 dxe5 9. b4 O-O 10. Qc2 Qc7 11. d3 Bd7 12. a4 Rfc8 13. Be3 e6 14.
Rfc1 h6 15. h3 Be8 16. Qb3 Kh7 17. b5 b6 18. c5 Rab8 19. cxb6 axb6 20. bxc6
Bxc6 21. Bxb6 Qd7 22. a5 Bxg2 23. Kxg2 Nd5 24. Nxd5 exd5 25. Rxc8 Rxc8 26. Qb5
Qe6 27. a6 e4 28. a7 exd3 29. exd3 h5 30. Bc7 Bd4 31. Qb7 Qf5 32. Rf1 Bxa7 33.
Qxa7 Qxd3 34. Bf4 Kg7 35. Qe3 Qe4+ 36. Qxe4 dxe4 37. Re1 Re8 38. Re2 f5 39. Ra2
Re6 40. h4 Kf7 41. Ra7+ Ke8 42. Kf1 Rc6 43. Ke2 Rc5 44. Ke3 Rc3+ 45. Kd4 Rf3
46. Be3 f4 47. Kxe4 Rxe3+ 48. fxe3 fxg3 49. Kf3 Kf8 50. Kxg3 Kg8 51. Kf4 Kf8
52. Kg5 1-0

[Event "International chess holiday K12"]
[Site "Praha"]
[Date "2014.07.22"]
[Round "4"]
[White "Plesnivy, Martin"]
[Black "Dr. Trebbin, Wolfhard"]
[Result "0-1"]
[ECO "D46"]
[WhiteElo "1799"]
[BlackElo "1961"]
[Annotator "Koller,Martin"]
[PlyCount "64"]
[TimeControl "240+2"]

1. d4 d5 2. c4 c6 3. Nc3 Nf6 4. Nf3 e6 5. e3 Be7 6. Bd3 O-O 7. O-O Nbd7
8. Qc2 b6 9. e4 dxe4 10. Nxe4 Bb7 11. Be3 Nxe4 12. Bxe4 Nf6 13. Bd3 Qc7 14. Ne5
c5 15. Bf4 Bd6 16. Bg5 cxd4 17. f4 h6 18. Bxf6 gxf6 19. Ng4 Kg7 20. f5 e5 21.
Qf2 Be7 22. Qg3 Rg8 23. Rf2 Kh7 24. Qh4 Rxg4 25. Qxg4 Rg8 26. Qh5 Bc5 27. Re1
e4 28. Bxe4 d3 29. Qf3 d2 30. Rd1 Qe5 31. Qh5 Qxe4 32. Qxf7+ Rg7 0-1

[Event "International chess holiday K12"]
[Site "Praha"]
[Date "2014.07.22"]
[Round "4"]
[White "Spindler, Markus"]
[Black "Vavrinec, Tomas"]
[Result "0-1"]
[ECO "C01"]
[WhiteElo "2049"]
[BlackElo "2011"]
[Annotator "Koller,Martin"]
[PlyCount "68"]
[TimeControl "240+2"]

1. e4 e6 2. d4 d5 3. exd5 exd5 4. Bd3 Nc6 5. Ne2 Bd6 6. Nbc3 Nb4 7. Be3
Nf6 8. a3 Nxd3+ 9. Qxd3 c6 10. Bg5 O-O 11. O-O Bg4 12. h3 Bh5 13. Nf4 Bg6 14.
Nxg6 hxg6 15. Rfe1 Qb6 16. Bh4 Rfe8 17. b4 Rxe1+ 18. Rxe1 a5 19. b5 a4 20. bxc6
bxc6 21. Rb1 Qa7 22. Bg3 Bxa3 23. Ra1 Qe7 24. Nxd5 Nxd5 25. Rxa3 Qb4 26. Kh2
Nb6 27. Ra1 a3 28. Bc7 Qb2 29. Qd1 Nd5 30. Bd6 a2 31. Be5 f6 32. c4 Nb4 33. Bf4
Nc2 34. d5 Qxa1 0-1

[Event "International chess holiday K12"]
[Site "Praha"]
[Date "2014.07.22"]
[Round "4"]
[White "Taylor, Robert"]
[Black "Cisarik, Pavol"]
[Result "1-0"]
[ECO "E58"]
[WhiteElo "1914"]
[BlackElo "1792"]
[Annotator "Koller,Martin"]
[PlyCount "81"]
[TimeControl "240+2"]

1. d4 Nf6 2. c4 e6 3. Nc3 Bb4 4. e3 O-O 5. Nf3 c5 6. Bd3 d5 7. O-O Nc6
8. a3 Bxc3 9. bxc3 b6 10. Qe2 Ne4 11. Bb2 Ba6 12. Rfd1 f5 13. cxd5 Bxd3 14.
Qxd3 exd5 15. dxc5 Nxc5 16. Qxd5+ Qxd5 17. Rxd5 Rad8 18. Rad1 Rxd5 19. Rxd5 Rd8
20. Rxd8+ Nxd8 21. Nd4 g6 22. Kf1 Nd3 23. Ba1 Kf7 24. Ke2 Ne5 25. Bb2 Nc4 26.
Bc1 Nb7 27. f3 Nbd6 28. Kd3 Ne5+ 29. Kc2 Kf6 30. Ne2 g5 31. f4 gxf4 32. exf4
Nec4 33. Kd3 b5 34. Kd4 Ke6 35. Kc5 a6 36. Nd4+ Kd7 37. Kb4 a5+ 38. Kc5 Nb7+
39. Kxb5 Ncd6+ 40. Kb6 Nc4+ 41. Kxb7 1-0